 Dungeon Crawl Stone Soup version 0.32-a0-314-g526f7d4993 (webtiles) character file.

Game seed: 5542045840703180047

1176 timneilson the Ruffian (level 8, 0/54 HPs)
             Began as an Octopode Shapeshifter on Feb 15, 2024.
             Was an Initiate of Gozag.
             Slain by a two-headed ogre
             ... wielding a +0 dire flail
              (16 damage)
             ... on level 5 of the Dungeon.
             The game lasted 00:08:52 (4231 turns).

timneilson the Ruffian (Octopode Shapeshifter)      Turns: 4231, Time: 00:08:52

Health: 0/54       AC:  1    Str: 16    XL:     8   Next: 41%
Magic:  8/8        EV: 14    Int: 12    God:    Gozag
Gold:   320        SH:  0    Dex: 11    Spells: 7/7 levels left

rFire   . .          .
                       - Unarmed
rCold   . . .        (no shield)
rNeg    . . .        (helmet currently unavailable)
rPois   .            (no amulet)
rElec   .            (no ring)
rCorr   .            (no ring)
SInv    .            (no ring)
Will    .....        (no ring)
Stlth   +++          (no ring)
HPRegen 0.29/turn    (no ring)
MPRegen 0.11/turn    (no ring)
                     (no ring)

%: no passive effects
@: beast-form
A: beast (slay +2), almost no armour, amphibious, 8 rings, camouflage 1,
gelatinous body 1, (nimble swimmer 1), tentacles
a: Begin Untransformation, Renounce Religion, Potion Petition, Call Merchant,
Bribe Branch


You were on level 5 of the Dungeon.
You worshipped Gozag.
Gozag was aware of your devotion.
You were a hulking beast.
You visited 2 branches of the dungeon, and saw 6 of its levels.
You also visited: Sewer.

You collected 358 gold pieces.
You paid 38 gold pieces to Gozag.

Inventory:

Missiles
 n - 4 poisoned darts (quivered)
Talismans
 b - a beast talisman (active)
 c - a flux talisman
Wands
 m - a wand of roots (13)
Scrolls
 e - a scroll of fog
 k - a scroll of teleportation
 p - 2 scrolls of revelation
 s - 3 scrolls of enchant weapon {unknown}
 t - a scroll of vulnerability {unknown}
Potions
 a - a potion of lignification
 d - 4 potions of haste {unknown}
 f - 3 potions of curing {unknown}
 g - a potion of magic {unknown}
 h - 3 potions of ambrosia {unknown}
 i - a potion of brilliance {unknown}
 j - 2 potions of attraction {unknown}
 l - a potion of might {unknown}
 o - 3 potions of mutation {unknown}
 q - a potion of cancellation {unknown}
 r - 2 potions of resistance {unknown}
 u - a potion of degeneration {unknown}


   Skills:
 * Level 4.4 Fighting
 * Level 4.8 Dodging
 + Level 4.4 Stealth
 * Level 5.4 Unarmed Combat
 + Level 1.2 Evocations
 * Level 5.1 Shapeshifting


You had 7 spell levels left.
You didn't know any spells.
Your spell library contained the following spells:

 Spells                   Type           Power      Damage    Failure   Level
 Apportation              Tloc           0%         N/A       32%         1
 Jinxbite                 Hex            0%         N/A       45%         2
 Leda's Liquefaction      Alch/Erth      0%         N/A       97%         4
 Summon Blazeheart Golem  Fire/Summ      0%         N/A       97%         4
 Alistair's Intoxication  Alch           0%         N/A       100%        5
 Lee's Rapid Deconstruct  Erth           0%         3d4*      100%        5
 Bombard                  Conj/Erth      0%         9d1       100%        6
 Orb of Destruction       Conj           0%         9d5       100%        7
 Spellforged Servitor     Conj/Summ      0%         N/A       100%        7


Dungeon Overview and Level Annotations

Branches:
Dungeon (5/15)             Temple (1/1) D:4           Sewer (visited)

Altars:
Ashenzari
Dithmenos
Elyvilon
Gozag
Hepliaklqana
Okawaru
Qazlal
Ru
Uskayaw
Vehumet
Wu Jian
Xom
The Shining One

Shops:
D:3 !   D:5 =


Innate Abilities, Weirdness & Mutations

You are a hulking beast.
Your limbs bulge with bestial killing power. (Slay +2)
You cannot wear most types of armour.
You are amphibious.
You can wear up to eight rings at the same time.
Your skin changes colour to match your surroundings (Stealth+).
Your rubbery body absorbs attacks. (AC +1, EV +1)
((You are camouflaged when in or above water. (Stealth+)))
You have tentacles for arms and can constrict up to eight enemies at once.


Message History

Found a scroll labelled FYRCHE WIVAPS.
The iguana hisses angrily.
The iguana barely misses you.
You bludgeon the iguana! You grab the iguana. You squeeze the iguana.
The iguana is heavily wounded.
You constrict the iguana, but do no damage.
The iguana closely misses you.
You bludgeon the iguana!
The iguana is almost dead.
You constrict the iguana. You bludgeon the iguana!
You kill the iguana!
You now have 284 gold pieces (gained 5).
There is an entrance to Biecvagh's Jewellery Shoppe here.
You can access your shopping list by pressing '$'.
t - a scroll labelled FYRCHE WIVAPS You now have 320 gold pieces (gained 36).
u - a glowing white potion
d - 4 orange potions (gained 1)
Found a chain mail.
f - 3 metallic white potions (gained 1)
You open the door.
There is an open door here.
There is an entrance to Biecvagh's Jewellery Shoppe here.
A two-headed ogre comes into view.
It is wielding a +0 dire flail and a +0 giant club.
You throw a poisoned dart.
The poisoned dart hits the two-headed ogre.
The two-headed ogre shouts in stereo!
You throw a poisoned dart.
The poisoned dart hits the two-headed ogre.
The two-headed ogre attacks as it pursues you!
The two-headed ogre hits you with a +0 dire flail!!
The two-headed ogre hits you with a +0 giant club!!
* * * LOW HITPOINT WARNING * * *
There is an entrance to Biecvagh's Jewellery Shoppe here.
You bludgeon the two-headed ogre!
The two-headed ogre is lightly wounded.
The two-headed ogre hits you with a +0 dire flail!
You die...
Your body crumbles into a pile of gold.

##.#########.#####.#
#.#########.# .#
#.#.........# .#
##.#.........#####.#
...#...............#
########..♣♣♣...####.#
#.♣# #♣.#.....# #.♣
♣...##### #.♣# #♣.#h#
#..♣♣♣..#O#
.#######.......#..((#
.............######.#
#######.....#######.#
............'.......
#######.....######## #
#.....# # ##.....#


You could see a two-headed ogre.

Vanquished Creatures
  An ice beast (D:4)
  Pargi (Sewer)
  A centaur (D:5)
  A brain worm (Sewer)
  A bombardier beetle (D:5)
  2 hounds (D:4)
  4 orc priests
  2 jellies
  A sleepcap (D:5)
  4 iguanas (D:5)
  4 orc wizards
  A hound skeleton (D:2)
  9 adders
  An adder skeleton (D:2)
  2 dart slugs
  17 orcs
  6 bats
  5 endoplasms
  5 giant cockroaches
  11 goblins
  8 hobgoblins
  9 jackals
  9 kobolds
  2 quokkas
  7 ball pythons
  A ball python zombie (D:2)
  9 frilled lizards
  A quokka skeleton (D:2)
  A quokka zombie (D:2)
  10 rats
136 creatures vanquished.

Notes
Turn   | Place    | Note
-------+----------+-------------------------------------------
     0 | D:1      | timneilson the Octopode Shapeshifter began the quest for
                  | the Orb.
     0 | D:1      | Reached XP level 1. HP: 13/13 MP: 1/1
   108 | D:1      | Reached XP level 2. HP: 18/18 MP: 2/2
   200 | D:1      | Reached skill level 1 in Stealth
   311 | D:1      | Reached XP level 3. HP: 23/23 MP: 3/3
  1034 | D:2      | Reached XP level 4. HP: 29/29 MP: 4/4
  1303 | D:2      | Found a faded altar of an unknown god.
  1519 | D:2      | Reached XP level 5. HP: 34/34 MP: 5/5
  1872 | D:3      | Found Cenazup's Distillery.
  1941 | D:3      | Reached XP level 6. HP: 40/41 MP: 6/6
  2423 | D:4      | Noticed an ice beast
  2434 | D:4      | Killed an ice beast
  2435 | D:4      | Reached XP level 7. HP: 24/46 MP: 7/7
  2475 | D:4      | Found a glowing drain.
  2479 | Sewer    | Entered a sewer
  2609 | Sewer    | Noticed Pargi
  2618 | Sewer    | Killed Pargi
  3015 | D:4      | Found a staircase to the Ecumenical Temple.
  3023 | Temple   | Entered the Ecumenical Temple
  3029 | Temple   | Became a worshipper of Gozag Ym Sagoz the Greedy
  3423 | D:5      | Entered Level 5 of the Dungeon
  3605 | D:4      | Reached skill level 5 in Unarmed Combat
  3641 | D:5      | Reached XP level 8. HP: 38/54 MP: 8/8
  3907 | D:5      | Reached skill level 5 in Shapeshifting
  4046 | D:5      | Reached skill level 1 in Evocations
  4164 | D:5      | Found Biecvagh's Jewellery Shoppe.
  4227 | D:5      | Noticed a two-headed ogre
  4231 | D:5      | Slain by a two-headed ogre

Illustrated notes

Levels and vault maps discovered:
D:1:      nagdon_arrival_zigzag_paths, layout_basic,
          dreamdust_princess_corridor, minmay_cupped
D:2:      layout_loops_ring, serial_undead, serial_undead_b, serial_undead_d,
          serial_undead_f, serial_undead_c, hellmonk_ecumenical_altar_zigzags
D:3:      layout_rooms, serial_shops, nicolae_shop_tiny_statue_garden,
          serial_bayou_pond_b
D:4:      layout_loops_ring, minmay_temple_entry_glassed_door,
          mainiacjoe_sewer_entry_somewhere_in_here_2
D:5:      layout_basic, minmay_shop_enchanted_jewellery,
          minmay_stone_trees_small
Temple:   dshaligram_water_room_temple

Skill      XL: |  1  2  3  4  5  6  7  8 |
---------------+-------------------------+-----
Stealth        | 1 2 3 4 |  4.4
Fighting       | 2 3 4 |  4.4
Dodging        | 3 4 |  4.8
Unarmed Combat | 4 5 |  5.4
Shapeshifting  | 4 5 |  5.1
Evocations     | 1 |  1.2

Action                     |  1- 3 |  4- 6 |  7- 9 || total
---------------------------+-------+-------+-------++-------
  Melee: Unarmed           |    51 |   120 |    90 ||   261
         Constrict         |     9 |    37 |    23 ||    69
         Tentacles         |     8 |    26 |    20 ||    54
         Punch             |     1 |     5 |     8 ||    14
  Throw: Dart              |       |       |     2 ||     2
    Use: Scroll            |     3 |     1 |     2 ||     6
   Stab: Sleeping          |     3 |    10 |    13 ||    26
         Distracted        |       |       |     1 ||     1
 Armour: Skin              |    17 |    44 |    42 ||   103
  Dodge: Dodged            |    29 |    64 |    61 ||   154

Table legend: (Time is in decaauts)
 A = Elapsed time spent in this place.
 B = Non-inter-level travel time spent in this place.
 C = Inter-level travel time spent in this place.
 D = Time resting spent in this place.
 E = Time spent auto-exploring this place.
 F = Levels seen in this place.
 G = Mean time per level.
                   A        B        C        D        E       F      G
               +--------+--------+--------+--------+--------+-----+--------+
         Total |   4213 |   4096 |    117 |    833 |   2169 |   7 |  601.9 |
       Dungeon |   3882 |   3770 |    112 |    610 |   2122 |   5 |  776.4 |
        Temple |     12 |      7 |      5 |      0 |      0 |   1 |   12.0 |
         Sewer |    318 |    318 |      0 |    223 |     47 |   1 |  318.0 |
               +--------+--------+--------+--------+--------+-----+--------+

Top non-repeatable levels by time:
     D:4: 1048 daAuts
     D:1: 1002 daAuts
     D:2: 723 daAuts
     D:5: 556 daAuts
     D:3: 551 daAuts
   Sewer: 318 daAuts
  Temple: 12 daAuts
